 Dungeon Crawl Stone Soup version bcrawl-1.17.3 (webtiles) character file.

Game seed: 3864674869573620854

96 ElectroBlueGuy the Slasher (level 4, -19/29 HPs)
             Began as a Skeleton Reaver on Oct 28, 2019.
             Was a Follower of Vehumet.
             Killed from afar by a hobgoblin (28 damage)
             ... with an exploding inner flame
             ... led by Robin
             ... hexed by the player character
             ... on level 3 of the Dungeon.
             The game lasted 00:11:13 (1853 turns).

ElectroBlueGuy the Slasher (Skeleton Reaver)        Turns: 1853, Time: 00:11:13

Health: -19/29     AC:  6    Str: 18      XL:     4   Next: 41%
Magic:  0/9        EV: 11    Int: 11 (13) God:    Vehumet [*.....]
Gold:   156        SH:  0    Dex:  7      Spells: 9/10 levels left

rFire    . . .     SeeInvis .   a - +0 long sword
rCold    + . .     Gourm    .   (no shield)
rNeg     + + +     Faith    .   h - +0 scale mail
rPois    ∞         Spirit   +   (no helmet)
rElec    .         Reflect  .   (no cloak)
rCorr    .         Harm     .   (no gloves)
MR       .....                  (no boots)
Stlth    ..........             (no amulet)
HPRegen  0.09/turn              (no ring)
MPRegen  0.11/turn              (no ring)

@: very slightly contaminated
A: no food or potions, cold resistance 1, deterioration 1, negative energy
resistance 3, torment resistance, unbreathing, magic shield, sturdy frame 1,
spell healing
a: Renounce Religion


You were on level 3 of the Dungeon.
You worshipped Vehumet.
Vehumet was aware of your devotion.
You were not hungry.

You visited 1 branch of the dungeon, and saw 3 of its levels.

You collected 156 gold pieces.

Inventory:

Hand Weapons
 a - a +0 long sword (weapon)
Missiles
 d - 244 bolts
 l - 82 needles of frenzy (quivered)
Armour
 b - +0 steam dragon scales
 f - a cursed +0 helmet
 h - a +0 scale mail (worn)
Scrolls
 i - a scroll of amnesia
Potions
 e - a potion of heal wounds {unknown}


   Skills:
 * Level 3.8 Fighting
 * Level 4.8 Long Blades
 + Level 3.4 Dodging
 + Level 3.6 Spellcasting


You had 9 spell levels left.
You knew the following spells:

 Your Spells              Type           Power        Failure   Level  Hunger
a - Magic Dart            Conj           #...         47%         1    N/A

Your spell library contained the following spells:

 Spells                   Type           Power        Failure   Level  Hunger
 Iskenderun's Battlesphe  Conj/Chrm      #.......     100%        5    N/A

Dungeon Overview and Level Annotations

Branches:
Dungeon (3/12)

Altars:

Annotations:
D:3 Robin


Innate Abilities, Weirdness & Mutations

You do not eat or drink.
You are immune to poison.
Your flesh is cold resistant. (rC+)
Your body sometimes deteriorates upon taking damage.
You are immune to negative energy. (rN+++)
You are immune to unholy pain and torment.
You can survive without breathing.
When hurt, damage is shared between your health and your magic reserves.
Your movements are slightly less encumbered by armour. (ER -2)
Casting spells heals you.


Message History

The goblin no longer looks unusually strong.
The goblin hits you but does no damage.
The hobgoblin hits you but does no damage.
You closely miss the hobgoblin.
The hobgoblin is severely wounded.
The goblin hits you. The hobgoblin barely misses you.
You closely miss the hobgoblin.
The hobgoblin is severely wounded.
The goblin hits you but does no damage. The hobgoblin barely misses you.
You completely miss the hobgoblin.
The hobgoblin is heavily wounded.
The goblin hits you but does no damage. The hobgoblin misses you.
You closely miss the hobgoblin.
The hobgoblin is heavily wounded.
The goblin closely misses you. The hobgoblin closely misses you.
You slash the hobgoblin!
The hobgoblin explodes!
The fiery explosion engulfs you!
Ouch! That really hurt!
You die...

.# .# .# .# .#
######.######
#gg.g........
#g###..##########+
#@# #..#####......
#§###....).gg.....
#g.........#......
#.(......g.####.#+
#...............gg
+..........####.#.
#..........# #.#.
#..........# #+#
........#


You could see 4 goblins.

Vanquished Creatures
  Terence (D:2)
  A gnoll (D:1)
  An adder (D:3)
  An ooze (D:2)
  A worm (D:3)
  2 leopard geckos (D:1)
  A giant cockroach (D:3)
  6 goblins
  7 hobgoblins
  2 jackals (D:2)
  3 quokkas (D:2)
  5 bats
  3 frilled lizards (D:2)
  6 kobolds
  2 rats (D:1)
42 creatures vanquished.

Notes
Turn   | Place    | Note
-------+----------+-------------------------------------------
     0 | D:1      | ElectroBlueGuy the Skeleton Reaver began the quest for the
                  | Orb.
     0 | D:1      | Reached XP level 1. HP: 14/14 MP: 4/4
   247 | D:1      | Reached XP level 2. HP: 19/19 MP: 6/6
   284 | D:1      | Reached skill level 4 in Long Blades
   729 | D:1      | Reached XP level 3. HP: 19/23 MP: 7/7
   943 | D:2      | Reached * piety under Vehumet
   943 | D:2      | Offered knowledge of Magic Dart by Vehumet.
   947 | D:2      | Learned a level 1 spell: Magic Dart
  1445 | D:2      | Noticed Terence
  1455 | D:2      | Killed Terence
  1455 | D:2      | Reached XP level 4. HP: 22/29 MP: 6/9
  1807 | D:3      | Noticed Robin
  1853 | D:3      | Killed from afar by a hobgoblin

Skill      XL: |  1  2 |
---------------+-------+-----
Long Blades    | 4 |  4.8
Fighting       | |  3.8
Dodging        | |  3.4
Spellcasting   | |  3.6

Action                   |  1- 3 |  4- 6 || total
-------------------------+-------+-------++-------
Melee: Long sword        |   127 |    34 ||   161
 Cast: Magic Dart        |     1 |     1 ||     2
  Use: Scroll            |     1 |     6 ||     7
Armor: Steam dragon scal |    32 |       ||    32
       Scale mail        |    16 |    31 ||    47
Dodge: Dodged            |   107 |    35 ||   142
